 Dungeon Crawl Stone Soup version 0.31-a0-222-gefeffbb62a (webtiles) character file.

Game seed: 5535102893119589166

114 qw the Shooter (level 4, -1/26 HPs)
             Began as a Gargoyle Hexslinger on July 4, 2023.
             Slain by an orc
             ... wielding a +0 falchion
              (3 damage)
             ... on level 3 of the Dungeon.
             The game lasted 00:00:34 (1707 turns).

qw the Shooter (Gargoyle Hexslinger)                Turns: 1707, Time: 00:00:34

Health: -1/26      AC: 11    Str: 11    XL:     4   Next: 97%
Magic:  5/5        EV: 15    Int: 14    God:
Gold:   100        SH:  0    Dex: 14    Spells: 4/5 levels left

rFire   + . .        Y - +1 sling
rCold   . . .        (no shield)
rNeg    + . .        f - +0 ring mail
rPois   inf          i - +0 helmet
rElec   +            (no cloak)
rCorr   .            c - +0 pair of gloves
SInv    .            (no boots)
Will    .....        (no amulet)
Stlth   +            h - ring of protection from fire
HPRegen 0.24/turn    g - +5 ring of evasion
MPRegen 0.09/turn

%: no passive effects
@: slowed, very slow
A: sickness immunity, AC +3, negative energy resistance 1, electricity
resistance, torment resistance 1, petrification resistance
a: no special abilities


You were on level 3 of the Dungeon.
You visited 1 branch of the dungeon, and saw 3 of its levels.

You collected 100 gold pieces.


Innate Abilities, Weirdness & Mutations

You are immune to sickness and miasma.
Your stone body is resilient. (AC +3)
You are immune to poison.
You resist negative energy. (rN+)
You are resistant to electric shocks. (rElec)
You are resistant to unholy torment.
You are immune to petrification.


   Skills:
 - Level 2.1 Fighting
 + Level 4.0 Ranged Weapons
 - Level 2.1 Armour
 - Level 1.5 Dodging
 - Level 1.0 Spellcasting
 - Level 2.6 Hexes


You had 4 spell levels left.
You knew the following spells:

 Your Spells              Type           Power      Damage    Failure   Level
a - Slow                  Hex            32%        N/A       21%         1

Your spell library contained the following spells:

 Spells                   Type           Power      Damage    Failure   Level
 Inner Flame              Hex/Fire       4%         N/A       71%         3
 Portal Projectile        Hex/Tloc       8%         N/A       71%         3
 Cause Fear               Hex            4%         N/A       90%         4

Inventory:

Hand Weapons
 Y - a +1 sling (weapon)
Armour
 c - a +0 pair of gloves (worn)
 f - a +0 ring mail (worn)
 i - a +0 helmet (worn)
Jewellery
 g - a +5 ring of evasion (right hand)
 h - a ring of protection from fire (left hand)
Scrolls
 l - a scroll of identify {unknown}
Potions
 a - a potion of might {unknown}
 b - a potion of brilliance {unknown}
 d - 2 potions of invisibility {unknown}
 e - a potion of resistance
 j - a potion of attraction {unknown}
 k - 2 potions of degeneration {unknown}

Dungeon Overview and Level Annotations

Branches:
Dungeon (3/15)

Altars:

Shops:
D:1 (   D:2 *

Annotations:
D:3 1 runed translucent door, Crazy Yiuf


Message History

The orc hits you with a +0 falchion.
You shoot a sling bullet. The sling bullet hits Natasha.
Natasha is heavily wounded.
The bat hits you but does no damage. Natasha closely misses you.
The orc misses you.
You shoot a sling bullet.
The sling bullet closely misses Natasha.
The bat hits you but does no damage.
Natasha extends her claws.
Natasha mumbles some strange words.
The orc closely misses you. The bat barely misses you.
The orc hits you but does no damage. Natasha misses you.
You shoot a sling bullet. The sling bullet barely misses Natasha.
The bat closely misses you. The bat hits you but does no damage.
Natasha misses you. The orc closely misses you.
The cerulean imp barely misses you.
You shoot a sling bullet. The sling bullet barely misses Natasha.
The bat hits you but does no damage. The bat closely misses you.
Natasha claws you. The orc hits you with a +0 falchion.
The cerulean imp barely misses you. The bat hits you but does no damage.
You shoot a sling bullet. The sling bullet hits Natasha.
Natasha is severely wounded.
The bat barely misses you. The bat hits you but does no damage.
Natasha casts a spell at you.
You feel yourself slow down. The orc hits you with a +0 falchion.
The cerulean imp hits you but does no damage.
The bat misses you. The orc hits you with a +0 falchion.
Natasha closely misses you.
The cerulean imp hits you but does no damage.
You shoot a sling bullet. The sling bullet hits Natasha!
You kill Natasha!
You feel Natasha's spirit has finally been put to rest.
The cerulean imp disappears in a puff of smoke!
The bat closely misses you. The orc hits you but does no damage.
The bat hits you but does no damage. The orc hits you but does no damage.
The bat misses you.
Your Ranged Weapons skill increases to level 4!
You shoot a sling bullet. The sling bullet barely misses the orc.
The bat misses you. The orc hits you with a +0 falchion.
You die...

#.#..7_'..#.#
#.......
#.#..777..#.#
#..#####
#.#.......#.#
#.<####
#.#.......#.###
#..##.##
#.#########...#
###..#....
#...........#.#
...[.##.##
#.#...#.#####.#
#.........
#.......# #.#
..##+##..#
####.#### #@#
.. #... #.#
#.o.# ##.# #.#
..>b... #.. #.#
###...###
##.#.. #.#
##.## #.###..
#.# #.#
#..(##.. #.#
... .#.#(#..
#.# #.#
..#.(#..
.#(#.#..


You could see an orc and a bat.

Vanquished Creatures
  Natasha (thrice) (D:3)
  2 worms (D:2)
  A ball python (D:2)
  4 endoplasms
  A giant cockroach (D:3)
  3 goblins
  5 hobgoblins
  3 quokkas
  4 bats (D:1)
  2 frilled lizards
  3 kobolds
  2 rats (D:1)
33 creatures vanquished.

Notes
Turn   | Place    | Note
-------+----------+-------------------------------------------
     0 | D:1      | qw the Gargoyle Hexslinger began the quest for the Orb.
     0 | D:1      | Reached XP level 1. HP: 12/12 MP: 2/2
     0 | D:1      | 0 ||| qw: Version: 0.3-a-46-gb1f654a
     0 | D:1      | 0 ||| qw: Game counter: 894
     0 | D:1      | 0 ||| qw: Melee chars always use a shield: true
     0 | D:1      | 0 ||| qw: God list: Okawaru
     0 | D:1      | 0 ||| qw: Allow faded altars: false
     0 | D:1      | 0 ||| qw: Do Orc after clearing Dungeon:15 true
     0 | D:1      | 0 ||| qw: Do second Lair branch before Depths: true
     0 | D:1      | 0 ||| qw: Lair rune preference: random
     0 | D:1      | 0 ||| qw: Goals: Normal
     0 | D:1      | 0 ||| PLANNING D:1-11
   143 | D:1      | Found Herphigua's Weapon Emporium.
   148 | D:1      | 148 ||| SHOPLISTING +1 sling of freezing (106 gold, have
                  | 0).
   282 | D:1      | Reached XP level 2. HP: 16/16 MP: 3/3
   387 | D:1      | Reached skill level 3 in Ranged Weapons
   580 | D:1      | 580 ||| UPGRADING to +0 leather armour.
   590 | D:1      | 590 ||| DROPPING +0 robe.
   591 | D:1      | 591 ||| UPGRADING to +0 ring mail.
   601 | D:1      | 601 ||| DROPPING +0 leather armour.
   602 | D:1      | 602 ||| UPGRADING to ring of protection from fire.
   603 | D:1      | 603 ||| READING scroll labelled NUDAPT UCHI.
   604 | D:1      | 604 ||| DROPPING scroll of poison.
   623 | D:2      | Found Hoedoini's General Store.
   627 | D:2      | 627 ||| SHOPLISTING +3 leather armour of cold resistance
                  | (312 gold, have 26).
   627 | D:2      | 627 ||| SHOPLISTING potion of cancellation (104 gold, have
                  | 26).
   627 | D:2      | 627 ||| SHOPLISTING potion of curing (39 gold, have 26).
   784 | D:2      | Reached XP level 3. HP: 21/21 MP: 4/4
  1335 | D:2      | 1335 ||| UPGRADING to +0 pair of gloves.
  1340 | D:2      | 1340 ||| UPGRADING to +0 helmet.
  1345 | D:2      | 1345 ||| UPGRADING to +5 ring of evasion.
  1346 | D:2      | 1346 ||| READING scroll labelled LUGGENN FUZXOT.
  1362 | D:2      | 1362 ||| READING scroll labelled UQAUVU NUVA.
  1363 | D:2      | 1363 ||| DRINKING 2 murky silvery potions.
  1441 | D:3      | Noticed a +0 spear
  1441 | D:3      | Noticed a +0 dagger
  1441 | D:3      | Noticed a +0 short sword
  1442 | D:3      | Noticed a +0 short sword
  1442 | D:3      | Noticed a +0 dagger
  1442 | D:3      | Noticed a +0 spear
  1443 | D:3      | Noticed a +0 falchion
  1444 | D:3      | Noticed a +0 falchion
  1448 | D:3      | Noticed Natasha
  1461 | D:3      | Killed Natasha
  1462 | D:3      | Reached XP level 4. HP: 8/26 MP: 5/5
  1480 | D:3      | Noticed Natasha
  1484 | D:3      | Killed Natasha
  1575 | D:3      | Found a runed translucent door.
  1576 | D:3      | Noticed Crazy Yiuf
  1657 | D:3      | Found a faded altar of an unknown god.
  1692 | D:3      | Noticed Natasha
  1705 | D:3      | HP: 3/26 [orc/+0 falchion (5)]
  1705 | D:3      | HP: 1/26 [orc/+0 falchion (2)]
  1706 | D:3      | Killed Natasha
  1707 | D:3      | Reached skill level 4 in Ranged Weapons
  1707 | D:3      | Slain by an orc

Levels and vault maps discovered:
D:1:      nicolae_arrival_washed_ashore, layout_loops_ring, serial_shops,
          nicolae_shop_pleasant_corner_grove
D:2:      layout_loops_ring, serial_shops, shop
D:3:      layout_loops_ring, nicolae_overflow_hallway_of_the_gods,
          nicolae_uskayaw_en_pointe, gammafunk_ghost_necromancy,
          hellmonk_ecumenical_altar_inner_sanctum, uniq_crazy_yiuf_cottage,
          uniq_terence, uniq_natasha

Skill      XL: |  1  2  3  4 |
---------------+-------------+-----
Ranged Weapons | 3 4 |  4.0
Fighting       | 2 |  2.1
Armour         | 2 |  2.1
Dodging        | |  1.5
Spellcasting   | |  1.0
Hexes          | |  2.6

Action                     |  1- 3 |  4- 6 || total
---------------------------+-------+-------++-------
   Fire: Sling             |    93 |    20 ||   113
    Use: Scroll            |     3 |       ||     3
         Potion            |     1 |       ||     1
 Armour: Robe              |     3 |       ||     3
         Ring mail         |     9 |    16 ||    25
  Dodge: Dodged            |    29 |    35 ||    64

Table legend:
 A = Non-vault XP
 B = Vault XP
 C = Vault XP percentage of total XP
 D = Non-vault monster count
 E = Vault monster count
 F = Vault count percentage of total count
                 A         B        C        D         E       F
            +---------+---------+-------+---------+---------+-------
      Total |     127 |      36 |  22.1 |      32 |       1 |   3.0
            +---------+---------+-------+---------+---------+-------
        D:1 |      23 |       0 |   0.0 |      15 |       0 |   0.0
        D:2 |      27 |       0 |   0.0 |      11 |       0 |   0.0
        D:3 |      77 |      36 |  31.9 |       6 |       1 |  14.3
            +---------+---------+-------+---------+---------+-------
